 Dungeon Crawl Stone Soup version 0.18.1-48-g4cf74bf (webtiles) character file.

600 Snowbuddha the Grave Robber (level 7, -5/53 HPs)
             Began as a Hill Orc Necromancer on Sept 5, 2016.
             Was an Initiate of Ashenzari.
             Slain by a yak (13 damage)
             ... on level 5 of the Dungeon.
             The game lasted 01:09:03 (4312 turns).

Snowbuddha the Grave Robber (Hill Orc Necromancer)  Turns: 4312, Time: 01:09:03

Health: -5/53      AC: 11    Str: 12    XL:     7   Next: 41%
Magic:  3/11       EV: 13    Int: 16    God:    Ashenzari [......]
Gold:   192        SH:  0    Dex: 11    Spells: 4 memorised, 4 levels left

rFire  . . .     SeeInvis .     C - +2 short sword (protect)
rCold  . . .     Gourm    .     a - +0 robe (curse)
rNeg   . . .     Faith    .     (no shield)
rPois  .         Spirit   .     j - +0 helmet (curse)
rElec  +         Dismiss  .     (no cloak)
rCorr  .         Reflect  .     (no gloves)
SustAt .         Harm     .     (no boots)
MR     .....                    H - amulet of rage
Stlth  ++........               (no ring)
                                D - +3 ring of protection

@: regenerating, not resistant to hostile enchantments, unstealthy
A: low mp 1, electricity resistance, subdued magic 1
a: Curse Item, Renounce Religion, Evoke Berserk Rage


You were on level 5 of the Dungeon.
You worshipped Ashenzari.
Ashenzari was noncommittal.
You were not hungry.

You visited 1 branch of the dungeon, and saw 5 of its levels.

You collected 192 gold pieces.

Inventory:

Hand Weapons
 f - a +0 dagger
 g - a +4 short sword
 k - a cursed +0 hand axe
 n - a +0 dagger
 o - a +0 hunting sling
 q - a +0 spear
 u - a +0 short sword
 v - a +1 short sword
 B - a +0 blowgun
 C - a +2 short sword of protection (weapon)
 E - a +0 hand axe
 L - a +0 falchion
 N - a +0 rapier
Missiles
 p - 100 stones (quivered)
 y - 2 throwing nets
 A - 8 curare-tipped needles
 I - 20 bolts
Armour
 a - a cursed +0 robe (worn)
 e - a +2 leather armour of poison resistance
 h - a +0 animal skin
 i - a +0 ring mail
 j - a cursed +0 helmet (worn)
 l - a +0 ring mail
 r - a +0 robe
 s - a +0 chain mail
 t - a +0 ring mail
 w - a +0 robe
 G - a +0 robe
Jewellery
 D - a +3 ring of protection (left hand)
 H - an amulet of rage (around neck)
 K - an uncursed amulet of the gourmand
Wands
 O - a wand of acid (0/15)
Scrolls
 d - a scroll of recharging
 m - 3 scrolls of identify
 J - a scroll of enchant armour {unknown}
Books
 b - a book of Necromancy

   Spells                             Type                      Level
   a - Pain                           Necromancy                   1
   b - Animate Skeleton               Necromancy                   1
   c - Vampiric Draining              Necromancy                   3
   d - Regeneration                   Charms/Necromancy            3
   e - Animate Dead                   Necromancy                   4
   f - Control Undead                 Necromancy                   4
Comestibles
 c - a bread ration
 x - a royal jelly
 F - a beef jerky


   Skills:
 + Level 1.9 Fighting
 + Level 0.6 Short Blades
 + Level 0.1 Slings
 + Level 1.3 Armour
 + Level 3.3 Dodging
 + Level 1.9 Stealth
 + Level 3.5 Spellcasting
 + Level 5.8 Necromancy
 + Level 0.6 Evocations


You had 4 spell levels left.
You knew the following spells:

 Your Spells              Type           Power        Failure   Level  Hunger
a - Pain                  Necr           ###.         1%          1    None
b - Animate Skeleton      Necr           N/A          1%          1    None
c - Regeneration          Chrm/Necr      #.........   14%         3    ###....
d - Animate Dead          Necr           N/A          14%         4    ####...


Dungeon Overview and Level Annotations

Branches:
Dungeon (5/15)
 Temple: D:4-7

Altars:
Ashenzari
Okawaru


Innate Abilities, Weirdness & Mutations

Your magical capacity is low (-10% MP).
You are resistant to electric shocks.
Your spells are a little easier to cast, but a little less powerful.


Message History

The yak struggles to resist.
The yak gores you but does no damage.
Casting: Pain
Confirm with . or Enter, or press ? or * to list all spells.
Aiming: Pain
Press: ? - help, Shift-Dir - straight line, f/p - yak
Aim: a yak (lightly wounded, chance to defeat MR: 75%)
The yak convulses in agony!
The yak gores you!
* * * LOW HITPOINT WARNING * * *
The yak gores you.
* * * LOW HITPOINT WARNING * * *
Casting: Pain
Confirm with . or Enter, or press ? or * to list all spells.
Your skin crawls.
The yak closely misses you. x2
Items here: ))) [[ an uncursed whip; a +0 chain mail; an uncursed short sword of protection an uncursed flail of venom; a +0 leather armour
Casting: Regeneration
Confirm with . or Enter, or press ? or * to list all spells.
Your skin crawls.
The yak gores you!
You die...

... ....# #.# .# ###.###
....###.#
.##≈≈.≈≈##+.....##.#
##.≈≈≈≈≈≈≈.......##.#
##≈≈≈#≈≈≈≈≈#≈###...#Y#
#≈≈≈≈#≈≈≈r≈≈#≈#.)#.#.#
.≈≈≈≈≈≈≈≈≈≈≈≈≈...#.Y.#
#≈≈≈≈≈≈≈≈≈≈≈≈≈≈#@##..#
≈≈≈≈≈≈≈≈≈≈#.≈≈≈≈Y##.)#######.
≈≈..8≈..8≈≈≈.≈≈#.Y.YY.......<
≈#.[...<.....≈≈..#...........
≈#≈.≈≈8..≈≈..≈≈###...........
≈≈≈≈≈≈≈≈≈≈≈≈≈≈≈≈##...........
≈≈≈≈≈##≈≈≈≈≈≈≈≈###..........#
.≈≈≈≈#≈≈≈≈≈≈≈≈.# #..........#
#≈≈≈≈≈≈≈≈≈≈≈≈##.##..........#


You could see 2 yaks and a quokka.

Vanquished Creatures
  Edmund (D:5)
  A scorpion (D:5)
  A howler monkey (D:4)
  2 orc wizards
  A giant frog skeleton (D:5)
  2 iguanas (D:4)
  A worker ant (D:3)
  Robin (D:2)
  6 adders
  2 oozes (D:2)
  2 worms
  11 dart slugs
  4 giant geckos
  16 orcs
  7 bats
  2 giant cockroaches
  14 goblins
  9 hobgoblins
  4 jackals (D:1)
  9 kobolds
  2 quokkas (D:3)
  A ball python (D:3)
  A giant gecko zombie (D:5)
  2 giant newts
  A quokka skeleton (D:4)
  5 rats
108 creatures vanquished.

Vanquished Creatures (collateral kills)
  A howler monkey skeleton (D:4)
  An adder (D:5)
  A dart slug (D:2)
  A giant cockroach (D:1)
  6 goblins
  2 bats
  3 giant newts
  2 kobolds
17 creatures vanquished.

Grand Total: 125 creatures vanquished

Notes
Turn   | Place    | Note
--------------------------------------------------------------
     0 | D:1      | Snowbuddha the Hill Orc Necromancer began the quest for the Orb.
     0 | D:1      | Reached XP level 1. HP: 14/14 MP: 3/3
    14 | D:1      | Learned a level 1 spell: Animate Skeleton
   267 | D:1      | Reached XP level 2. HP: 13/20 MP: 0/4
   485 | D:2      | Noticed Robin
  1044 | D:2      | Reached XP level 3. HP: 26/26 MP: 3/5
  1193 | D:2      | Learned a level 3 spell: Regeneration
  1548 | D:2      | Reached skill level 1 in Armour
  1548 | D:2      | Reached XP level 4. HP: 20/33 MP: 1/7
  1581 | D:2      | Killed Robin
  2296 | D:3      | Reached XP level 5. HP: 38/39 MP: 5/8
  2513 | D:3      | Found a shattered altar of Ashenzari.
  2774 | D:3      | Reached skill level 5 in Necromancy
  2872 | D:3      | Became a worshipper of Ashenzari the Shackled
  3018 | D:3      | Reached XP level 6. HP: 46/46 MP: 10/10
  3059 | D:4      | Gained mutation: You are resistant to electric shocks. [potion of mutation]
  3059 | D:4      | Gained mutation: Your magical capacity is low (-10% MP). [potion of mutation]
  3059 | D:4      | Gained mutation: Your spells are a little easier to cast, but a little less powerful. [potion of mutation]
  3062 | D:4      | HP: 3/69 [iguana (3)]
  3064 | D:4      | Reached skill level 1 in Fighting
  3601 | D:4      | Found an iron altar of Okawaru.
  3663 | D:5      | Entered Level 5 of the Dungeon
  3980 | D:5      | Reached XP level 7. HP: 53/53 MP: 0/10
  4007 | D:5      | Learned a level 4 spell: Animate Dead
  4156 | D:5      | Noticed Edmund
  4178 | D:5      | Killed Edmund
  4220 | D:5      | HP: 1/79 [giant gecko (4)]
  4289 | D:5      | Noticed a yak
  4291 | D:5      | Noticed a yak
  4298 | D:5      | Noticed a yak
  4301 | D:5      | Noticed a yak
  4303 | D:5      | Noticed a yak
  4312 | D:5      | Slain by a yak

Skill      XL: |  1  2  3  4  5  6 |
---------------+-------------------+-----
Spellcasting   | 2 3 |  3.5
Armour         | 1 |  1.3
Dodging        | 2 3 |  3.3
Necromancy     | 5 |  5.8
Fighting       | 1 |  1.9
Short Blades   | |  0.6
Slings         | |  0.1
Stealth        | |  1.9
Evocations     | |  0.6

Action                   |  1- 3 |  4- 6 |  7- 9 || total
-------------------------+-------+-------+-------++-------
Melee: Dagger            |    63 |       |       ||    63
       Short sword       |    14 |   147 |    61 ||   222
 Fire: Hunting sling     |     2 |       |       ||     2
 Cast: Pain              |    38 |    78 |     5 ||   121
       Animate Skeleton  |    10 |    21 |       ||    31
       Regeneration      |       |     3 |     3 ||     6
       Animate Dead      |       |       |     2 ||     2
Invok: Curse Item        |       |     2 |       ||     2
 Abil: Evoke Berserk Rag |       |     5 |     1 ||     6
Evoke: Wand              |       |       |     2 ||     2
  Use: Scroll            |     2 |     7 |       ||     9
       Potion            |     2 |     5 |     2 ||     9
 Stab: Sleeping          |     1 |       |       ||     1
  Eat: Chunk             |     3 |    13 |       ||    16
       Meat ration       |       |       |     1 ||     1
Armor: Leather armour    |    53 |    44 |       ||    97
       Skin              |       |     2 |       ||     2
       Robe              |       |    62 |    47 ||   109
Dodge: Dodged            |    68 |   145 |   107 ||   320
